 Dungeon Crawl Stone Soup version 0.24.0-13-gcf9b319 (webtiles) character file.

Game seed: 5917856830267484146, levelgen mode: deterministic

270 Fang the Skirmisher (level 6, -10/39 HPs)
             Began as a Gargoyle Berserker on Nov 21, 2019.
             Was a Believer of Trog.
             Mangled by an ogre
             ... wielding a +0 giant spiked club
              (20 damage)
             ... on level 5 of the Dungeon.
             The game lasted 00:03:44 (2451 turns).

Fang the Skirmisher (Gargoyle Berserker)            Turns: 2451, Time: 00:03:45

Health: -10/39     AC: 15    Str: 23    XL:     6   Next: 22%
Magic:  6/6        EV:  9    Int:  7    God:    Trog [**....]
Gold:   101        SH:  0    Dex:  9    Spells: 5/5 levels left

rFire    . . .     SeeInvis .   a - +0 hand axe
rCold    . . .     Gourm    .   (no shield)
rNeg     + . .     Faith    .   b - +0 chain mail
rPois    ∞         Spirit   .   (no helmet)
rElec    +         Reflect  .   r - +1 cloak
rCorr    .         Harm     .   (no gloves)
MR       +++..     Rnd*Tele +   (no boots)
Stlth    ..........             s - amulet of rage
HPRegen  1.13/turn              h - ring of teleportation (curse)
MPRegen  0.10/turn              p - ring of protection from magic

@: berserk cooldown, regenerating, slowed, very slow
A: negative energy resistance 1, electricity resistance, unbreathing,
petrification resistance, rot immunity, AC +4
a: Berserk, Trog's Hand, Renounce Religion, Evoke Berserk Rage


You were on level 5 of the Dungeon.
You worshipped Trog.
Trog was pleased with you.
You were very hungry.

You visited 1 branch of the dungeon, and saw 4 of its levels.

You collected 101 gold pieces.

Inventory:

Hand Weapons
 a - a +0 hand axe (weapon)
Armour
 b - a +0 chain mail (worn)
 r - a +1 cloak (worn)
Jewellery
 h - a cursed ring of teleportation (left hand)
 l - an uncursed ring of flight
 p - a ring of protection from magic (right hand)
 s - an amulet of rage (around neck)
Scrolls
 d - 3 scrolls of amnesia {unknown}
 e - 3 scrolls of identify {unknown}
 j - 2 scrolls of remove curse {unknown}
 k - a scroll of enchant weapon {unknown}
 o - a scroll of teleportation {unknown}
Potions
 f - a potion of agility {unknown}
 g - a potion of might {unknown}
 i - a potion of lignification {unknown}
 m - a potion of curing {unknown}
 n - a potion of heal wounds {unknown}
 q - a potion of magic {unknown}
Comestibles
 c - 6 rations


   Skills:
 + Level 4.6 Fighting
 + Level 3.8 Axes
 + Level 3.8 Armour
 + Level 2.9 Dodging


You had 5 spell levels left.
You didn't know any spells.
Your spell library was empty.

Dungeon Overview and Level Annotations

Branches:
Dungeon (3/15)

Altars:


Innate Abilities, Weirdness & Mutations

You are resistant to torment.
Your stone body is resilient. (AC +4)
You are immune to poison.
You resist negative energy. (rN+)
You are resistant to electric shocks. (rElec)
You can survive without breathing.
You are immune to petrification.
You are immune to rotting.


Message History

The orc wizard blinks!
A zombie and a skeleton come into view.
Something hits you but does no damage. Something hits you but does no damage.
The jackal zombie closely misses you.
A magic dart appears from out of thin air!
The magic dart hits you but does no damage.
The jackal zombie bites you but does no damage.
The ogre hits you with a +0 giant spiked club!
* * * LOW HITPOINT WARNING * * *
Found 14 gold pieces.
There is a stone staircase leading up here.
Your skin crawls.
You feel resistant to hostile enchantments.
You are feeling very hungry.
Trog will no longer gift you ammunition.
The jackal zombie bites you but does no damage.
The ogre hits you with a +0 giant spiked club!!
Ouch! That really hurt!
You die...

#... #... .... #$..
#... .... ####.#. #..
..... ....... ...
#..... .......
###<####...... .......
.............
.......####.##).......
.......@O{..).)#
........Zo.##)### #
.......##Z###...##.#
#.........#####o...##.
#.#.......##...........
. #.##..#....#####.##..
........... .. .#
...###.. #.. .. .


You could see an ogre, an orc wizard, a jackal zombie and a howler monkey
skeleton.

Vanquished Creatures
  A crimson imp (D:5)
  An orc priest (D:5)
  Crazy Yiuf (D:2)
  Natasha (thrice) (D:2)
  2 adders (D:2)
  3 gnolls (D:3)
  A dart slug (D:2)
  A leopard gecko (D:2)
  4 orcs (D:5)
  3 bats
  5 giant cockroaches
  5 hobgoblins
  4 jackals (D:2)
  5 kobolds
  5 frilled lizards (D:2)
  2 goblins
  16 rats
62 creatures vanquished.

Notes
Turn   | Place    | Note
-------+----------+-------------------------------------------
     0 | D:1      | Fang the Gargoyle Berserker began the quest for the Orb.
     0 | D:1      | Reached XP level 1. HP: 14/14 MP: 1/1
   236 | D:1      | Reached XP level 2. HP: 15/19 MP: 2/2
   948 | D:2      | Reached XP level 3. HP: 23/23 MP: 3/3
  1055 | D:2      | Reached ** piety under Trog
  1106 | D:2      | Reached XP level 4. HP: 27/29 MP: 4/4
  1328 | D:2      | Found a runed translucent door.
  1329 | D:2      | Noticed Crazy Yiuf
  1355 | D:2      | Noticed Natasha
  1364 | D:2      | Killed Natasha
  1364 | D:2      | Reached skill level 4 in Fighting
  1490 | D:2      | Noticed Natasha
  1498 | D:2      | Killed Natasha
  1498 | D:2      | Reached XP level 5. HP: 29/33 MP: 5/5
  1624 | D:2      | Killed Crazy Yiuf
  2048 | D:2      | Noticed Natasha
  2058 | D:2      | Killed Natasha
  2406 | D:3      | You fall into a shaft and drop 2 floors!
  2406 | D:5      | Entered Level 5 of the Dungeon
  2426 | D:5      | Noticed an ogre
  2443 | D:5      | Reached XP level 6. HP: 26/39 MP: 6/6
  2443 | D:5      | Reached *** piety under Trog
  2451 | D:5      | Mangled by an ogre

Levels and vault maps discovered:
D:1:      kennysheep_arrival_seaside, layout_basic
D:2:      layout_rooms, minmay_rat_gold_closets, uniq_natasha,
          uniq_crazy_yiuf_cottage
D:3:      layout_basic, old_standard_altar
D:5:      layout_rooms, serial_shops, kennysheep_mini_moat, first_ration,
          kennysheep_flooded_box, minmay_misc_feat_ornament, dk_rats_in_the_wall

Skill      XL: |  1  2  3  4 |
---------------+-------------+-----
Axes           | 3 |  3.8
Dodging        | 2 |  2.9
Armour         | 3 |  3.8
Fighting       | 4 |  4.6

Action                   |  1- 3 |  4- 6 || total
-------------------------+-------+-------++-------
Melee: Hand axe          |   115 |   109 ||   224
Invok: Berserk           |       |     3 ||     3
       Trog's Hand       |       |     1 ||     1
  Eat: Chunk             |     1 |     3 ||     4
       Ration            |       |     1 ||     1
Armor: Chain mail        |    82 |    89 ||   171
       Animal skin       |     1 |       ||     1
Dodge: Dodged            |    49 |    73 ||   122
